 Dungeon Crawl Stone Soup version 0.30-a0-830-gfe289a77b0 (webtiles) character file.

Game seed: 398697057636162423

1713 NinjaNoafa the Fighter (level 9, -5/81 HPs)
             Began as a Hill Orc Monk on Feb 28, 2023.
             Was a Believer of Hepliaklqana.
             Killed by divine providence
             ... invoked by an orc priest
              (10 damage)
             ... on level 6 of the Dungeon.
             The game lasted 00:18:03 (4801 turns).

NinjaNoafa the Fighter (Hill Orc Monk)              Turns: 4801, Time: 00:18:03

Health: -5/81      AC:  6    Str: 18    XL:     9   Next: 4%
Magic:  9/9        EV: 11    Int: 10    God:    Hepliaklqana [**....]
Gold:   194        SH:  0    Dex:  9    Spells: 8/8 levels left

rFire   + + .      SeeInvis .    a - +0 halberd
rCold   + . .      Faith    .    (shield currently unavailable)
rNeg    + . .      Spirit   .    B - +2 leather armour "Juusuv" {rF++ rC+ Dex-4}
rPois   .          Reflect  .    (no helmet)
rElec   .          Harm     .    (no cloak)
rCorr   .          Rampage  .    (no gloves)
Will    .....                    i - +0 pair of boots
Stlth   +                        (no amulet)
HPRegen 0.33/turn                s - ring of positive energy
MPRegen 0.11/turn                A - +4 ring of slaying

@: hasted, very quick
A: reduced essence
a: Renounce Religion, Convert to Beogh, Recall Ancestor, Ancestor Identity


You were on level 6 of the Dungeon.
You worshipped Hepliaklqana.
Hepliaklqana was pleased with you.
You visited 2 branches of the dungeon, and saw 7 of its levels.

You collected 224 gold pieces.
You spent 30 gold pieces at shops.

Inventory:

Hand Weapons
 a - a +0 halberd (weapon)
Missiles
 n - 14 poisoned darts (quivered)
 u - 3 boomerangs
Armour
 i - a +0 pair of boots (worn)
 p - a +2 ring mail of willpower
 B - the +2 leather armour "Juusuv" (worn) {rF++ rC+ Dex-4}
   (You found it on level 3 of the Dungeon)

   Dex:       It affects your dexterity (-4).
   rF:        It greatly protects you from fire.
   rC:        It protects you from cold.
Jewellery
 s - a ring of positive energy (left hand)
 A - a +4 ring of slaying (right hand)
Wands
 v - a wand of mindburst (6)
Scrolls
 c - a scroll of poison {unknown}
 e - 4 scrolls of teleportation
 g - a scroll of amnesia {unknown}
 h - a scroll of silence {unknown}
 l - a scroll of noise
 t - a scroll of enchant weapon {unknown}
 w - a scroll of brand weapon {unknown}
 x - a scroll of fog {unknown}
 y - a scroll of blinking {unknown}
Potions
 b - a potion of haste
 d - a potion of invisibility {unknown}
 f - 3 potions of flight
 j - 3 potions of might {unknown}
 m - 3 potions of heal wounds
 o - 2 potions of berserk rage {unknown}
 q - 2 potions of curing {unknown}
 r - a potion of lignification {unknown}
 z - a potion of mutation {unknown}


   Skills:
 + Level 12.0 Fighting
 - Level 6.3 Polearms
 - Level 3.0 Armour
 - Level 2.4 Dodging
 - Level 1.5 Stealth


You had 8 spell levels left.
You didn't know any spells.
Your spell library contained the following spells:

 Spells                   Type           Power      Damage    Failure   Level
 Blink                    Tloc           0%         N/A       56%         2
 Manifold Assault         Tloc           0%         N/A       99%         4
 Storm Form               Tmut/Air       0%         N/A       100%        7


Dungeon Overview and Level Annotations

Branches:
Dungeon (6/15)             Temple (1/1) D:4

Altars:
Ashenzari
Cheibriados
Dithmenos
Elyvilon
Fedhas
Gozag
Hepliaklqana
Kikubaaqudgha
Makhleb
Nemelex Xobeh
Okawaru
Qazlal
Sif Muna
Trog
Uskayaw
Vehumet
Wu Jian
Xom
Yredelemnul
Zin
The Shining One

Shops:
D:1 *


Message History

Aim: an orc priest, wielding a +0 dagger (chance to affect: 64%)
The orc priest's mind is blasted!
The orc priest shouts, "Surrender to Beogh and we'll let you live!"
You hit the orc priest but do no damage.
The orc priest shouts, "Join the one true god or die!"
The orc priest is almost dead.
The orc priest mumbles some strange prayers to Beogh against you.
Beogh smites you!
* * * LOW HITPOINT WARNING * * *
You closely miss the orc priest.
The orc priest is almost dead.
You impale the orc priest!!
You kill the orc priest!
Your Fighting skill increases to level 12!
An orc priest comes into view. It is wielding a +0 mace.
The orc priest shouts!
Items here: )))))) / [[[ ††.
Aiming: Mindburst
Press: ? - help, Shift-Dir - straight line, f - orc priest
Aim: an orc priest, wielding a +0 mace and wearing a +0 ring mail (chance to affect: 64%)
Okay, then.
Reach: a) +0 halberd
Press: ? - help, Dir - move target, f - orc priest
Aim: an orc priest, wielding a +0 mace and wearing a +0 ring mail (about 32% to evade your +0 halberd)
You reach to attack!
You closely miss the orc priest.
An orc comes into view. It is wielding a +0 hand axe.
Aiming: Mindburst
Press: ? - help, Shift-Dir - straight line, f/p - orc priest
Aim: an orc priest, wielding a +0 mace and wearing a +0 ring mail (chance to affect: 64%)
The orc priest struggles to resist.
The orc shouts!
You puncture the orc priest!
The orc priest is almost dead.
The orc priest hits you with a +0 mace.
* * * LOW HITPOINT WARNING * * *
You hit the orc priest.
The orc priest is almost dead.
The orc priest invokes the aid of Beogh against you.
Beogh smites you!
You die...

#.#
##.###
#.# #.#
#.# #.#
#o# #.#
#.# #.#
#O# #.#
#.# #.#
#.# #.#
#.####@#
#...oo.#
########


You could see an orc priest and an orc.

Vanquished Creatures
  A two-headed ogre (D:6)
  A water moccasin (D:4)
  An orc warrior (D:6)
  2 ogres
  A phantom (D:6)
  A scorpion (D:4)
  2 howler monkeys
  An orc priest (D:6)
  2 hounds
  2 iguanas
  An orc wizard (D:6)
  6 adders
  7 gnolls (D:4)
  A shadow imp (D:5)
  A white imp (D:5)
  An ufetubus (D:5)
  A worm (D:3)
  4 dart slugs
  10 orcs
  5 endoplasms
  3 giant cockroaches (D:3)
  7 goblins
  6 hobgoblins
  6 kobolds
  3 quokkas
  5 bats
  A frilled lizard (D:1)
  7 rats
89 creatures vanquished.

Vanquished Creatures (collateral kills)
  A phantom (D:4)
  A jelly (D:6)
  An iguana (D:5)
  The ghost of Farfigtubin the Sneak, a weakling KoBr (D:3)
  2 adders
  A white imp (D:5)
  An ufetubus (D:5)
8 creatures vanquished.

Vanquished Creatures (others)
  An orc wizard (D:6)
  2 knights (D:6)
3 creatures vanquished.

Grand Total: 100 creatures vanquished

Notes
Turn   | Place    | Note
-------+----------+-------------------------------------------
     0 | D:1      | NinjaNoafa the Hill Orc Monk began the quest for the Orb.
     0 | D:1      | Reached XP level 1. HP: 19/19 MP: 1/1
   216 | D:1      | Reached XP level 2. HP: 27/27 MP: 2/2
   225 | D:1      | Reached skill level 1 in Armour
   380 | D:1      | Found Zorgh's General Store.
   402 | D:1      | Bought a potion of degeneration for 10 gold pieces
   402 | D:1      | Bought 2 scrolls of noise for 20 gold pieces
   449 | D:2      | Reached skill level 4 in Fighting
   569 | D:2      | Reached XP level 3. HP: 25/33 MP: 3/3
  1374 | D:3      | Reached XP level 4. HP: 40/41 MP: 4/4
  1475 | D:3      | Found a runed translucent door.
  1607 | D:3      | Noticed Farfigtubin's ghost (weakling KoBr)
  1835 | D:3      | Found a hide-covered altar of Uskayaw.
  2015 | D:4      | Found a staircase to the Ecumenical Temple.
  2037 | Temple   | Entered the Ecumenical Temple
  2037 | Temple   | Found a transporter.
  2037 | Temple   | Found a transporter.
  2039 | Temple   | Found a transporter.
  2039 | Temple   | Found a transporter.
  2081 | D:4      | Noticed a scorpion
  2097 | D:4      | Killed a scorpion
  2098 | D:4      | Reached XP level 5. HP: 29/47 MP: 5/5
  2157 | D:4      | Reached skill level 5 in Fighting
  2256 | D:4      | Noticed a water moccasin
  2274 | D:4      | Killed a water moccasin
  2275 | D:4      | Reached XP level 6. HP: 30/56 MP: 6/6
  2762 | D:4      | Reached skill level 6 in Fighting
  2762 | D:4      | Reached XP level 7. HP: 31/64 MP: 7/7
  2979 | D:5      | Entered Level 5 of the Dungeon
  3192 | D:5      | Found a hazy altar of Hepliaklqana.
  3303 | D:5      | Became a worshipper of Hepliaklqana the Forgotten
  3303 | D:5      | Reached * piety under Hepliaklqana
  3303 | D:5      | Reached ** piety under Hepliaklqana
  3304 | D:5      | Remembered your ancestor Osama Bin Laden as a knight
  3307 | D:5      | Found a stormy altar of Qazlal.
  3307 | D:5      | Found a radiant altar of Vehumet.
  3307 | D:5      | Found a glowing silver altar of Zin.
  3311 | D:5      | Found a shadowy altar of Dithmenos.
  3422 | D:4      | Reached skill level 7 in Fighting
  3809 | D:3      | Killed Farfigtubin's ghost
  3818 | D:3      | Identified the +2 leather armour "Juusuv" {rF++ rC+ Dex-4}
  4644 | D:6      | Reached skill level 8 in Fighting
  4648 | D:6      | Noticed a two-headed ogre
  4659 | D:6      | Killed a two-headed ogre
  4660 | D:6      | Reached skill level 10 in Fighting
  4660 | D:6      | Reached XP level 8. HP: 45/72 MP: 8/8
  4767 | D:6      | Reached skill level 11 in Fighting
  4780 | D:6      | HP: 3/73 [orc warrior/+0 hand axe (14)]
  4784 | D:6      | Reached XP level 9. HP: 24/81 MP: 9/9
  4797 | D:6      | Reached skill level 12 in Fighting
  4800 | D:6      | HP: 4/81 [orc priest/+0 mace (2)]
  4801 | D:6      | Killed from afar by an orc priest

Illustrated notes

Levels and vault maps discovered:
D:1:      psy_arrival_conway, layout_basic, serial_shops, shop,
          grunt_decor_fettered
D:2:      layout_basic, st_stairs_12, minmay_misc_feat_tiny
D:3:      layout_loops_ring, mainiacjoe_overflow_alcove_4,
          ebering_ghost_sewer_d, minmay_misc_feat_nine_boxes
D:4:      minmay_wonky_spiral, layout_basic, minmay_temple_entry_sparse_star
D:5:      layout_basic, minitemple, serial_co_window_serial,
          co_window_of_opportunity_a, co_window_corner_a, co_window_paths_a,
          co_window_of_opportunity_a, co_window_paths_a, co_window_2corner,
          co_window_corner_b, co_window_unsneaky_path_d, co_window_broadway_a,
          co_window_of_opportunity_b, co_window_4corner_b, glass_columns_a,
          glass_columns_a, glass_columns_a, glass_columns_a, glass_columns_b
D:6:      layout_basic, minmay_diced_spiral, uniq_pikel
Temple:   hellmonk_temple_divided_pantheon

Skill      XL: |  1  2  3  4  5  6  7  8  9 |
---------------+----------------------------+-----
Armour         | 1 2 3 |  3.0
Fighting       | 4 5 6 10 11 12 | 12.0
Polearms       | 4 6 |  6.3
Dodging        | |  2.4
Stealth        | |  1.5

Action                     |  1- 3 |  4- 6 |  7- 9 || total
---------------------------+-------+-------+-------++-------
  Melee: Spear             |   170 |    28 |       ||   198
         Trident           |       |    42 |       ||    42
         Halberd           |       |    73 |   107 ||   180
 Invoke: Ancestor Identity |       |       |     3 ||     3
         Recall Ancestor   |       |       |     2 ||     2
         Ancestor Life: Kn |       |       |     1 ||     1
  Evoke: Wand              |       |       |     8 ||     8
    Use: Scroll            |       |     1 |     4 ||     5
         Potion            |       |     1 |     3 ||     4
   Stab: Sleeping          |     6 |       |       ||     6
         Distracted        |       |       |     1 ||     1
 Armour: Robe              |    14 |       |       ||    14
         Leather armour    |    14 |       |    10 ||    24
         Ring mail         |     2 |    58 |    18 ||    78
  Dodge: Dodged            |    76 |    85 |    37 ||   198

Table legend: (Time is in decaauts)
 A = Elapsed time spent in this place.
 B = Non-inter-level travel time spent in this place.
 C = Inter-level travel time spent in this place.
 D = Time resting spent in this place.
 E = Time spent auto-exploring this place.
 F = Levels seen in this place.
 G = Mean time per level.
                   A        B        C        D        E       F      G
               +--------+--------+--------+--------+--------+-----+--------+
         Total |   4825 |   4078 |    747 |     43 |   1724 |   7 |  689.3 |
       Dungeon |   4792 |   4057 |    735 |     43 |   1724 |   6 |  798.7 |
        Temple |     32 |     20 |     12 |      0 |      0 |   1 |   32.0 |
               +--------+--------+--------+--------+--------+-----+--------+

Top non-repeatable levels by time:
     D:4: 1335 daAuts
     D:5: 1026 daAuts
     D:3: 888 daAuts
     D:2: 860 daAuts
     D:1: 474 daAuts
     D:6: 206 daAuts
  Temple: 32 daAuts
